 Dungeon Crawl Stone Soup version 0.31-a0-949-g57150269e1 (webtiles) character file.

Game seed: 5498245721147943300

339 skwerlee the Chopper (level 6, 0/55 HPs)
             Began as a Minotaur Fighter on Oct 22, 2023.
             Slain by a black bear (1 damage)
             ... on level 4 of the Dungeon.
             The game lasted 00:02:50 (1959 turns).

skwerlee the Chopper (Minotaur Fighter)             Turns: 1959, Time: 00:02:51

Health: 0/55       AC: 12    Str: 23    XL:     6   Next: 29%
Magic:  5/5        EV:  6    Int:  5    God:
Gold:   239        SH:  4    Dex:  9    Spells: 5/5 levels left

rFire   . . .        a - +0 war axe
rCold   . . .        c - +0 buckler
rNeg    . . .        e - +0 plate armour
rPois   .            (helmet restricted)
rElec   .            (no cloak)
rCorr   .            (no gloves)
SInv    .            (no boots)
Will    .....        (no amulet) Stlth
                     (no ring)
HPRegen 0.29/turn    (no ring)
MPRegen 0.09/turn

%: no passive effects
@: studying Invocations
A: horns 2, retaliatory headbutt
a: no special abilities


You were on level 4 of the Dungeon.
You visited 1 branch of the dungeon, and saw 4 of its levels.

You collected 239 gold pieces.

Inventory:

Hand Weapons
 a - a +0 war axe (weapon)
Armour
 b - a +0 scale mail
 c - a +0 buckler (worn)
 e - a +0 plate armour (worn)
Jewellery
 u - a +4 ring of slaying
Scrolls
 f - 4 scrolls of identify {unknown}
 h - a scroll of noise {unknown}
 i - 5 scrolls of teleportation {unknown}
 k - a scroll of revelation {unknown}
 l - a scroll of amnesia {unknown}
 m - 2 scrolls of poison {unknown}
 n - a scroll of fear {unknown}
 q - a scroll of silence {unknown}
 s - a scroll of enchant weapon {unknown}
 t - a scroll of immolation {unknown}
Potions
 d - 3 potions of might
 g - 2 potions of enlightenment {unknown}
 j - 3 potions of curing {unknown}
 o - a potion of cancellation {unknown}
 p - a potion of mutation {unknown}
 r - a potion of haste {unknown}


   Skills:
 + Level 4.8 Fighting
 + Level 5.6 Axes
 + Level 5.3 Armour
 + Level 0.5 Dodging
 + Level 4.4 Shields


You had 5 spell levels left.
You didn't know any spells.
Your spell library contained the following spells:

 Spells                   Type           Power      Damage    Failure   Level
 Inner Flame              Hex/Fire       0%         N/A       100%        3
 Stone Arrow              Conj/Erth      0%         3d7       100%        3
 Animate Armour           Summ/Erth      0%         N/A       100%        4
 Flame Wave               Conj/Fire      0%         2d4       100%        4
 Sticky Flame             Conj/Fire      0%         2d3       100%        4
 Lehudib's Crystal Spear  Conj/Erth      0%         10d2      100%        8


Dungeon Overview and Level Annotations

Branches:
Dungeon (4/15)
 Temple: D:4-7

Altars:
Kikubaaqudgha
Wu Jian

Annotations:
D:3 2 runed translucent doors, CowFu's ghost, weakling DrCj
D:4 Natasha


Innate Abilities, Weirdness & Mutations

You have a pair of horns on your head.
You reflexively headbutt those who attack you in melee.


Message History

The ogre hits you with a +0 giant club! The adder barely misses you.
There are monsters nearby!
You hit the ogre.
The ogre is severely wounded.
You completely miss the adder. The adder bites you but does no damage.
The ogre hits you with a +0 giant club! The adder bites you but does no damage.
There are monsters nearby!
You are too injured to fight recklessly!
There are monsters nearby!
You are too injured to fight recklessly!
There are monsters nearby!
You are too injured to fight recklessly!
You hit the ogre but do no damage.
The ogre is severely wounded.
You miss the adder. You barely miss the black bear.
Natasha mumbles some strange words.
The adder bites you but does no damage. The black bear bites you.
The black bear claws you but does no damage. x2
The ogre barely misses you. The black bear bites you.
You block the black bear's attack.
The black bear claws you but does no damage.
Natasha barely misses you. The adder bites you.
You block the black bear's attack.
The black bear claws you but does no damage.
The black bear claws you.
* * * LOW HITPOINT WARNING * * *
The cerulean imp hits you from afar with a +2 spear.
* * * LOW HITPOINT WARNING * * *
The adder attacks as it pursues you! The adder barely misses you.
Natasha barely misses you.
The quokka twitches its whiskers.
The cerulean imp hits you with a +2 spear.
* * * LOW HITPOINT WARNING * * *
You block Natasha's attack.
There is a stone staircase leading up here.
You can't go down here!
The black bear bites you!
* * * LOW HITPOINT WARNING * * *
The black bear claws you.
You die...

############ ### ..
#......#... ..#
..##.#......# ### #.#
..>.........# #.# #.#
#...#......# #.# #.#
....)......####.# #.#
#.#...rO......#.####.##
#..5hh...............
#.##@S.#............. #
###.#.##.#........
#........####...
.........# #...
........#.# #...
........... ....
........# ...#. .#.#..


You could see a black bear, an ogre, Natasha, a cerulean imp (summoned), an
adder and a quokka.

Vanquished Creatures
  Sigmund (D:3)
  9 adders
  4 worms
  2 dart slugs
  2 orcs (D:3)
  5 endoplasms
  5 giant cockroaches
  6 goblins
  5 hobgoblins
  5 jackals
  7 kobolds
  A quokka (D:2)
  6 ball pythons
  7 bats
  4 frilled lizards
  6 rats
75 creatures vanquished.

Notes
Turn   | Place    | Note
-------+----------+-------------------------------------------
     0 | D:1      | skwerlee the Minotaur Fighter began the quest for the Orb.
     0 | D:1      | Reached XP level 1. HP: 19/19 MP: 0/0
    25 | D:1      | Reached XP level 2. HP: 26/27 MP: 1/1
   455 | D:2      | Reached XP level 3. HP: 33/33 MP: 2/2
   684 | D:2      | Reached XP level 4. HP: 37/40 MP: 3/3
  1164 | D:3      | Found an ornate altar of the Wu Jian Council.
  1167 | D:3      | Found an ancient bone altar of Kikubaaqudgha.
  1293 | D:3      | Found a large runed translucent door.
  1293 | D:3      | Found a large runed translucent door.
  1296 | D:3      | Noticed CowFu's ghost (weakling DrCj)
  1376 | D:3      | Reached XP level 5. HP: 47/47 MP: 4/4
  1567 | D:3      | Noticed Sigmund
  1587 | D:3      | Killed Sigmund
  1588 | D:3      | Reached skill level 5 in Axes
  1588 | D:3      | Reached skill level 5 in Armour
  1588 | D:3      | Reached XP level 6. HP: 14/55 MP: 5/5
  1951 | D:4      | Noticed Natasha
  1959 | D:4      | HP: 1/55 [black bear (7)]
  1959 | D:4      | Slain by a black bear

Illustrated notes

Levels and vault maps discovered:
D:1:      psy_arrival_terrarium, layout_rooms, minmay_heptomino_d4
D:2:      minmay_chambers_of_ones, layout_basic
D:3:      layout_basic, chequers_temple_overflow_statue_of_worship,
          ebering_ghost_disaster_area, corexii_shack, kennysheep_donut,
          chequers_serial_rivers_large_a, st_stairs_5, minmay_misc_feat_encased,
          minmay_fractal_squares_diagonal_5, uniq_sigmund
D:4:      layout_basic, minmay_temple_entry_mini_moons, uniq_natasha,
          uniq_eustachio, uniq_grinder, uniq_crazy_yiuf_cottage

Skill      XL: |  1  2  3  4  5 |
---------------+----------------+-----
Armour         | 4 5 |  5.3
Fighting       | 4 |  4.8
Shields        | 4 |  4.4
Axes           | 3 4 5 |  5.6
Dodging        | |  0.5

Action                     |  1- 3 |  4- 6 || total
---------------------------+-------+-------++-------
  Melee: War axe           |    82 |    96 ||   178
         Headbutt          |    13 |    14 ||    27
 Armour: Scale mail        |    14 |       ||    14
         Plate armour      |    48 |    88 ||   136
  Dodge: Dodged            |    24 |    23 ||    47
  Block: Buckler           |    30 |    21 ||    51

Table legend: (Time is in decaauts)
 A = Elapsed time spent in this place.
 B = Non-inter-level travel time spent in this place.
 C = Inter-level travel time spent in this place.
 D = Time resting spent in this place.
 E = Time spent auto-exploring this place.
 F = Levels seen in this place.
 G = Mean time per level.
                   A        B        C        D        E       F      G
               +--------+--------+--------+--------+--------+-----+--------+
         Total |   2026 |   1991 |     35 |    141 |   1411 |   4 |  506.5 |
       Dungeon |   2026 |   1991 |     35 |    141 |   1411 |   4 |  506.5 |
               +--------+--------+--------+--------+--------+-----+--------+

Top non-repeatable levels by time:
     D:3: 924 daAuts
     D:2: 572 daAuts
     D:1: 449 daAuts
     D:4: 79 daAuts
